[Event "EWIRCC 2019"]
[Site "Monte-Carlo"]
[Date "2019.12.01"]
[Round "6.18"]
[White "Guichard, Pauline"]
[Black "Berzina, Ilze"]
[Result "1/2-1/2"]
[ECO "A28"]
[WhiteElo "2407"]
[BlackElo "2211"]
[Annotator "NA"]
[PlyCount "98"]
[EventDate "2019.11.28"]
[EventType "swiss"]
[EventCountry "MNC"]
[SourceTitle "playchess.com"]
[Source "ChessBase"]
[SourceQuality "1"]
[TimeControl "5400+30"]

1. c4 e5 2. Nc3 Nf6 3. Nf3 Nc6 4. e3 d5 5. cxd5 Nxd5 6. Bb5 Nxc3 7. bxc3 Bd6 8. d4 Bd7 9. O-O e4 10. Nd2 Qg5 11. Bxc6 Bxc6 12. c4 O-O 13. c5 Be7 14. Re1 Rad8 15. Qe2 Qg6 16. Nf1 Rd5 17. a4 h5 18. a5 a6 19. Rb1 h4 20. Bd2 Rg5 21. g3 Bb5 22. Rxb5 axb5 23. Qxb5 hxg3 24. fxg3 Qa6 25. Qxa6 bxa6 26. Rb1 Rg6 27. Rb7 Rc8 28. Bb4 Kf8 29. Nd2 f5 30. Nc4 Ke8 31. Ne5 Re6 32. Kf2 g5 33. Bd2 Bxc5 34. h4 gxh4 35. gxh4 Be7 36. h5 Rh6 37. d5 Rxh5 38. Kg3 Bd6 39. Kf4 Rh2 40. Bc3 Rf2+ 41. Kg5 Ke7 42. Ng6+ Kf7 43. Ne5+ Bxe5 44. Bxe5 Rg8+ 45. Kh5 Rc2 46. Bxc7 Kf6 47. Rb6+ Kf7 48. Rb7 Kf6 49. Rb6+ Kf7 1/2-1/2

[Event "EWIRCC 2019"]
[Site "Monte-Carlo"]
[Date "2019.12.01"]
[Round "6.19"]
[White "Buksa, Nataliya"]
[Black "Nicoara, Malina"]
[Result "1-0"]
[ECO "B31"]
[WhiteElo "2410"]
[BlackElo "2066"]
[Annotator "NA"]
[PlyCount "71"]
[EventDate "2019.11.28"]
[EventType "swiss"]
[EventCountry "MNC"]
[SourceTitle "playchess.com"]
[Source "ChessBase"]
[SourceQuality "1"]
[TimeControl "5400+30"]

1. e4 c5 2. Nf3 Nc6 3. Bb5 g6 4. Bxc6 dxc6 5. d3 Bg7 6. h3 Nf6 7. Nc3 b5 8. Be3 Nd7 9. Rb1 Qa5 10. Qd2 b4 11. Ne2 Qxa2 12. O-O Qa5 13. Bh6 Bf6 14. Ng3 Ba6 15. Rfe1 Qc7 16. Qe3 e5 17. c3 Qd6 18. Red1 Qe7 19. Ra1 Bb7 20. cxb4 a6 21. bxc5 Qxc5 22. d4 exd4 23. Nxd4 Ne5 24. Rac1 Qb4 25. Qf4 Nd7 26. Nxc6 Bxc6 27. Rxc6 Be5 28. Qg4 Rd8 29. Rc8 Ke7 30. Bg5+ Nf6 31. Bxf6+ Bxf6 32. Rc7+ Kf8 33. Rdd7 Rxd7 34. Qxd7 Qb3 35. e5 Bxe5 36. Qe7+ 1-0

[Event "EWIRCC 2019"]
[Site "Monte-Carlo"]
[Date "2019.12.01"]
[Round "6.20"]
[White "Andric, Jelena"]
[Black "Ovod, Evgenija"]
[Result "0-1"]
[ECO "A13"]
[WhiteElo "2076"]
[BlackElo "2347"]
[Annotator "NA"]
[PlyCount "130"]
[EventDate "2019.11.28"]
[EventType "swiss"]
[EventCountry "MNC"]
[SourceTitle "playchess.com"]
[Source "ChessBase"]
[SourceQuality "1"]
[TimeControl "5400+30"]

1. c4 e6 2. Nf3 d5 3. g3 dxc4 4. Bg2 Nf6 5. Qa4+ Nbd7 6. Qxc4 c5 7. O-O b6 8. b3 Bb7 9. Bb2 Rc8 10. d3 Bd6 11. Nbd2 O-O 12. Rac1 Qe7 13. Qc2 b5 14. Qb1 Rfd8 15. Qa1 a6 16. e4 e5 17. Nh4 g6 18. Bh3 Rb8 19. Ng2 Nf8 20. f4 N6d7 21. Nf3 f6 22. Rc2 Ne6 23. fxe5 fxe5 24. Bxe6+ Qxe6 25. Ng5 Qe7 26. Nf7 Rf8 27. Nxd6 Qxd6 28. Rd2 Rxf1+ 29. Qxf1 Bxe4 30. Qe2 Bc6 31. Ne3 Rf8 32. Qe1 h5 33. Bc3 Kh7 34. a3 Qe6 35. b4 Qb3 36. Rb2 Qe6 37. Rf2 Rxf2 38. Qxf2 Kg7 39. Qb2 Kf7 40. Qf2+ Ke8 41. Qb2 Bb7 42. Qf2 Qc6 43. Kf1 Qd6 44. Ke2 Qe6 45. Kd2 cxb4 46. Bxb4 Nf6 47. Qe1 Kd7 48. Nc2 Nd5 49. Qe4 Bc6 50. Qe2 Qf5 51. Ba5 Nf6 52. Ne3 Qe6 53. Nc2 e4 54. d4 Qd5 55. Bc3 Qb3 56. Ne3 Qxa3 57. d5 Qa2+ 58. Nc2 Nxd5 59. Bg7 Nb4 60. Kc1 Qxc2+ 61. Qxc2 Nxc2 62. Kxc2 a5 63. Kb3 Kd6 64. Bf8+ Ke5 65. Bg7+ Kd5 0-1

[Event "EWIRCC 2019"]
[Site "Monte-Carlo"]
[Date "2019.12.01"]
[Round "7.1"]
[White "Batsiashvili, Nino"]
[Black "Rogule, Laura"]
[Result "1-0"]
[ECO "A28"]
[WhiteElo "2422"]
[BlackElo "2293"]
[Annotator "NA"]
[PlyCount "67"]
[EventDate "2019.11.28"]
[EventType "swiss"]
[EventCountry "MNC"]
[SourceTitle "playchess.com"]
[Source "ChessBase"]
[SourceQuality "1"]
[TimeControl "5400+30"]

1. c4 e5 2. Nc3 Nf6 3. Nf3 Nc6 4. e4 Bb4 5. d3 d6 6. a3 Bc5 7. b4 Bb6 8. Na4 h6 9. Nxb6 axb6 10. b5 Ne7 11. g3 Be6 12. Bg2 Qd7 13. O-O O-O 14. Nh4 Bh3 15. f4 Bxg2 16. Kxg2 Nh7 17. f5 f6 18. Nf3 Ra5 19. Rb1 Rfa8 20. h4 d5 21. cxd5 Rxb5 22. Rxb5 Qxb5 23. d4 exd4 24. Nxd4 Qc4 25. Re1 Nf8 26. Ne6 b5 27. Qg4 Nxe6 28. dxe6 Kh7 29. Qh5 Nc6 30. Bxh6 gxh6 31. Qg6+ Kh8 32. Qxf6+ Kg8 33. Qg6+ Kh8 34. f6 1-0

[Event "EWIRCC 2019"]
[Site "Monte-Carlo"]
[Date "2019.12.01"]
[Round "7.2"]
[White "Girya, Olga"]
[Black "Cramling, Pia"]
[Result "1-0"]
[ECO "D27"]
[WhiteElo "2476"]
[BlackElo "2443"]
[Annotator "ChessBase"]
[PlyCount "101"]
[EventDate "2019.11.28"]
[EventType "swiss"]
[EventCountry "MNC"]
[SourceTitle "playchess.com"]
[Source "ChessBase"]
[SourceQuality "1"]
[TimeControl "5400+30"]

1. d4 Nf6 2. c4 e6 3. Nf3 d5 4. Nc3 dxc4 5. e3 a6 6. Bxc4 b5 7. Be2 c5 8. O-O Bb7 9. dxc5 Qxd1 10. Rxd1 Bxc5 11. Nd4 Nbd7 12. Nb3 Bb6 13. a4 b4 14. a5 Ba7 15. Na2 Bd5 16. Nd4 Bc5 17. Bd2 e5 18. Nf5 g6 19. Ng3 b3 20. Nb4 Bb7 21. Bc4 h5 22. h4 Be7 23. Bxb3 O-O 24. Bc3 Nc5 25. Bd5 Nxd5 26. Nxd5 Bxh4 27. Bxe5 Rfd8 28. Nf6+ Kf8 29. Bd6+ Kg7 30. Nfxh5+ gxh5 31. Nf5+ Kh7 32. Bxc5 Bf6 33. Bd4 Kg6 34. Bxf6 Rxd1+ 35. Rxd1 Kxf5 36. Rd7 Bc6 37. Rxf7 Bd5 38. Rd7 Be6 39. Rd8 Rxd8 40. Bxd8 Ke4 41. Kh2 Bd7 42. Kg3 Bb5 43. Bb6 Bf1 44. f3+ Kf5 45. e4+ Ke5 46. Kf2 Bc4 47. Ke3 Bf1 48. f4+ Kf6 49. Bd4+ Kf7 50. g3 Bg2 51. f5 1-0

[Event "EWIRCC 2019"]
[Site "Monte-Carlo"]
[Date "2019.12.01"]
[Round "7.3"]
[White "Muzychuk, Anna"]
[Black "Zhukova, Natalia"]
[Result "1/2-1/2"]
[ECO "C48"]
[WhiteElo "2543"]
[BlackElo "2323"]
[Annotator "ChessBase"]
[PlyCount "69"]
[EventDate "2019.11.28"]
[EventType "swiss"]
[EventCountry "MNC"]
[SourceTitle "playchess.com"]
[Source "ChessBase"]
[SourceQuality "1"]
[TimeControl "5400+30"]

1. e4 e5 2. Nf3 Nc6 3. Nc3 Nf6 4. Bb5 Nd4 5. Bc4 Bc5 6. d3 c6 7. Bg5 O-O 8. Nxe5 d6 9. Nf3 Bg4 10. h3 Bxf3 11. gxf3 b5 12. Bb3 a5 13. a4 b4 14. Nb1 Nxb3 15. cxb3 Bd4 16. Qc2 Qb6 17. O-O Nh5 18. Be7 Rfe8 19. Bxd6 Re6 20. Bh2 Rg6+ 21. Kh1 c5 22. f4 Qf6 23. f5 Rh6 24. Qe2 Be5 25. f4 Nxf4 26. Rxf4 Rxh3 27. Rf2 Rd8 28. Nd2 Rdxd3 29. Nf1 Qh6 30. Rd1 Rxd1 31. Qxd1 Bd4 32. Rg2 Qf4 33. Ng3 g6 34. fxg6 hxg6 35. Ne2 1/2-1/2

[Event "EWIRCC 2019"]
[Site "Monte-Carlo"]
[Date "2019.12.01"]
[Round "7.4"]
[White "Mkrtchian, Lilit"]
[Black "Kosteniuk, Alexandra"]
[Result "0-1"]
[ECO "E12"]
[WhiteElo "2402"]
[BlackElo "2483"]
[Annotator "ChessBase"]
[PlyCount "78"]
[EventDate "2019.11.28"]
[EventType "swiss"]
[EventCountry "MNC"]
[SourceTitle "playchess.com"]
[Source "ChessBase"]
[SourceQuality "1"]
[TimeControl "5400+30"]

1. Nf3 Nf6 2. c4 b6 3. d4 e6 4. a3 Bb7 5. Nc3 d5 6. Bg5 Be7 7. Bxf6 Bxf6 8. cxd5 exd5 9. g3 O-O 10. Bg2 Re8 11. O-O Nd7 12. Rc1 c5 13. dxc5 Nxc5 14. Nd4 Bxd4 15. Qxd4 Nb3 16. Qd3 Nxc1 17. Rxc1 Rc8 18. Rd1 Qf6 19. e3 h6 20. Qb5 Red8 21. Rd4 Rc5 22. Qa4 a6 23. Bf1 b5 24. Qd1 Rdc8 25. Qd2 Qb6 26. h4 Qc7 27. Bh3 Re8 28. Bf1 Re6 29. Bd3 Re5 30. Ne2 Bc8 31. Rf4 Re8 32. Nc3 Be6 33. Bb1 Rc8 34. Qd3 Rxc3 35. Qh7+ Kf8 36. bxc3 Qxc3 37. Kg2 Qe1 38. Bf5 Rc1 39. g4 Qh1+ 0-1

[Event "EWIRCC 2019"]
[Site "Monte-Carlo"]
[Date "2019.12.01"]
[Round "7.5"]
[White "Muzychuk, Mariya"]
[Black "Worek, Joanna"]
[Result "1-0"]
[ECO "B31"]
[WhiteElo "2552"]
[BlackElo "2316"]
[Annotator "ChessBase"]
[PlyCount "73"]
[EventDate "2019.11.28"]
[EventType "swiss"]
[EventCountry "MNC"]
[SourceTitle "playchess.com"]
[Source "ChessBase"]
[SourceQuality "1"]
[TimeControl "5400+30"]

1. e4 c5 2. Nf3 Nc6 3. Bb5 g6 4. O-O Bg7 5. c3 Qb6 6. Bc4 e6 7. Re1 Nge7 8. e5 d5 9. exd6 Nf5 10. d3 Nxd6 11. Bb3 O-O 12. Bf4 Na5 13. Nbd2 Rd8 14. Qe2 Nxb3 15. Nxb3 a5 16. Be3 a4 17. Nxc5 Qc6 18. d4 b6 19. Nd3 Bb7 20. Nb4 Qc7 21. Bg5 Re8 22. Bf4 Qe7 23. d5 Qf8 24. Qd3 exd5 25. Nxd5 a3 26. bxa3 Nf5 27. Rxe8 Rxe8 28. Rd1 Qxa3 29. Nxb6 Qxc3 30. Qxc3 Bxc3 31. Nd5 Bxd5 32. Rxd5 Nd4 33. Be3 Nxf3+ 34. gxf3 Ra8 35. Rc5 Bb2 36. Rc2 Rxa2 37. Kg2 1-0

[Event "EWIRCC 2019"]
[Site "Monte-Carlo"]
[Date "2019.12.01"]
[Round "7.6"]
[White "Stefanova, Antoaneta"]
[Black "Daulyte-Cornette, Deimante"]
[Result "1-0"]
[ECO "A05"]
[WhiteElo "2481"]
[BlackElo "2405"]
[Annotator "ChessBase"]
[PlyCount "61"]
[EventDate "2019.11.28"]
[EventType "swiss"]
[EventCountry "MNC"]
[SourceTitle "playchess.com"]
[Source "ChessBase"]
[SourceQuality "1"]
[TimeControl "5400+30"]

1. Nf3 Nf6 2. g3 b6 3. Bg2 Bb7 4. O-O g6 5. d3 Bg7 6. e4 d6 7. Nh4 Qc8 8. f4 Nbd7 9. Nc3 c5 10. g4 h6 11. h3 a6 12. a4 Qc7 13. Qe1 O-O-O 14. Rb1 e6 15. Be3 d5 16. g5 d4 17. gxf6 Bxf6 18. Bd2 dxc3 19. bxc3 g5 20. fxg5 hxg5 21. Rxf6 Nxf6 22. Bxg5 Nd7 23. Bxd8 Qxd8 24. Nf3 f5 25. Qe3 Qf6 26. c4 fxe4 27. dxe4 Qg6 28. Rd1 Rxh3 29. Rxd7 Rxf3 30. Qd2 Rf8 31. Qd6 1-0

[Event "EWIRCC 2019"]
[Site "Monte-Carlo"]
[Date "2019.12.01"]
[Round "7.7"]
[White "Bulmaga, Irina"]
[Black "Gaponenko, Inna"]
[Result "1/2-1/2"]
[ECO "B09"]
[WhiteElo "2435"]
[BlackElo "2427"]
[Annotator "NA"]
[PlyCount "130"]
[EventDate "2019.11.28"]
[EventType "swiss"]
[EventCountry "MNC"]
[SourceTitle "playchess.com"]
[Source "ChessBase"]
[SourceQuality "1"]
[TimeControl "5400+30"]

1. e4 d6 2. d4 Nf6 3. Nc3 g6 4. f4 Bg7 5. Nf3 O-O 6. e5 dxe5 7. fxe5 Nd5 8. Bc4 Nxc3 9. bxc3 c5 10. O-O Bg4 11. Be3 Nc6 12. h3 Bxf3 13. Rxf3 Qa5 14. Qf1 Qxc3 15. Bf2 Qa5 16. Bxf7+ Kh8 17. c3 Rad8 18. Rd1 Qc7 19. h4 cxd4 20. cxd4 Nb4 21. h5 gxh5 22. Be1 Nc6 23. Bf2 Nb4 24. a3 Nd5 25. Bxd5 Rxd5 26. Rxf8+ Bxf8 27. Bh4 Rd8 28. Qf7 Qd7 29. Rd3 Qd5 30. Qxd5 Rxd5 31. Kf2 Kg8 32. Ke3 Kf7 33. Ke4 e6 34. Rf3+ Kg8 35. Rf6 Ra5 36. Rxe6 Rxa3 37. Re8 Kf7 38. Rc8 Bb4 39. Rc7+ Kg6 40. Rxb7 a5 41. Be7 Bxe7 42. Rxe7 Ra4 43. Kd5 Ra2 44. Re6+ Kg7 45. Ra6 h4 46. e6 Rxg2 47. Ra7+ Kg6 48. Ra8 Re2 49. Rg8+ Kf6 50. Rf8+ Kg5 51. Kd6 h3 52. e7 h2 53. Rf1 Kg4 54. Kd7 Kg3 55. d5 Kg2 56. Rd1 h1=Q 57. Rxh1 Kxh1 58. d6 a4 59. e8=Q Rxe8 60. Kxe8 a3 61. d7 a2 62. d8=Q a1=Q 63. Qh4+ Kg2 64. Qxh7 Qa8+ 65. Kf7 Qb7+ 1/2-1/2

[Event "EWIRCC 2019"]
[Site "Monte-Carlo"]
[Date "2019.12.01"]
[Round "7.8"]
[White "Osmak, Iulija"]
[Black "Chiburdanidze, Maia"]
[Result "1-0"]
[ECO "C02"]
[WhiteElo "2401"]
[BlackElo "2500"]
[Annotator "ChessBase"]
[PlyCount "125"]
[EventDate "2019.11.28"]
[EventType "swiss"]
[EventCountry "MNC"]
[SourceTitle "playchess.com"]
[Source "ChessBase"]
[SourceQuality "1"]
[TimeControl "5400+30"]

1. d4 e6 2. e4 d5 3. e5 c5 4. c3 Nc6 5. Nf3 Nge7 6. Bd3 cxd4 7. cxd4 Nf5 8. Bxf5 exf5 9. O-O h6 10. Ne1 Be6 11. Nc3 Be7 12. Be3 Rc8 13. Nd3 Na5 14. Rc1 g5 15. f4 Nc4 16. Bf2 b6 17. b3 Na3 18. Qe2 g4 19. Nb2 O-O 20. Nbd1 Qd7 21. Ne3 Bb4 22. Qd3 Rc6 23. Ne2 Rfc8 24. Bh4 Rxc1 25. Rxc1 Rxc1+ 26. Nxc1 Qb5 27. Nxf5 Qxd3 28. Nxd3 Bxf5 29. Nxb4 Be4 30. Nc6 Kh7 31. Be7 Nc2 32. Kf2 a6 33. Bd8 b5 34. Be7 h5 35. Bc5 Kh6 36. a4 bxa4 37. bxa4 Na1 38. a5 Nb3 39. Bb6 Bd3 40. Ke3 Bc4 41. f5 Kg5 42. Ne7 Nc1 43. Bd8 Kh6 44. Nc6 Kg7 45. e6 fxe6 46. fxe6 Nd3 47. Bg5 Bb5 48. Ne7 Nb4 49. Kd2 Kf8 50. Nf5 Ba4 51. e7+ Kf7 52. Nd6+ Kg6 53. Bh4 Bd7 54. e8=Q+ Bxe8 55. Nxe8 Nc6 56. Kc3 Nxa5 57. Nc7 Nc4 58. Nxd5 Nd6 59. Kd3 a5 60. Nc3 Kf5 61. Bd8 a4 62. Nxa4 Ne4 63. Bh4 1-0

[Event "EWIRCC 2019"]
[Site "Monte-Carlo"]
[Date "2019.12.01"]
[Round "7.9"]
[White "Petrova, Irina"]
[Black "Sebag, Marie"]
[Result "0-1"]
[ECO "D02"]
[WhiteElo "2109"]
[BlackElo "2443"]
[Annotator "NA"]
[PlyCount "60"]
[EventDate "2019.11.28"]
[EventType "swiss"]
[EventCountry "MNC"]
[SourceTitle "playchess.com"]
[Source "ChessBase"]
[SourceQuality "1"]
[TimeControl "5400+30"]

1. d4 d5 2. Bf4 c5 3. e3 Nc6 4. c3 Nf6 5. Nd2 e6 6. Ngf3 cxd4 7. exd4 Nh5 8. Bg5 f6 9. Be3 Bd6 10. Ne5 g6 11. Nd3 Ng7 12. Nf3 Qc7 13. Be2 Nf5 14. Bd2 h5 15. a3 Bd7 16. Nb4 Nce7 17. Bd3 g5 18. Qe2 g4 19. Ng1 O-O-O 20. Nc2 Kb8 21. Ne3 Rc8 22. h3 g3 23. f3 Qb6 24. Nxf5 Nxf5 25. Bxf5 exf5 26. O-O-O Bb5 27. Qe6 Bd3 28. Be1 Bf4+ 29. Bd2 Bxd2+ 30. Rxd2 Qxe6 0-1

[Event "EWIRCC 2019"]
[Site "Monte-Carlo"]
[Date "2019.12.01"]
[Round "7.10"]
[White "Gunina, Valentina"]
[Black "Buksa, Nataliya"]
[Result "1-0"]
[ECO "B31"]
[WhiteElo "2509"]
[BlackElo "2410"]
[Annotator "ChessBase"]
[PlyCount "67"]
[EventDate "2019.11.28"]
[EventType "swiss"]
[EventCountry "MNC"]
[SourceTitle "playchess.com"]
[Source "ChessBase"]
[SourceQuality "1"]
[TimeControl "5400+30"]

1. e4 c5 2. Nf3 Nc6 3. Bb5 g6 4. Bxc6 dxc6 5. O-O Bg7 6. d3 Nf6 7. h3 b6 8. Nc3 Nd7 9. Bg5 h6 10. Be3 e5 11. Qd2 Nf8 12. Ne2 Ne6 13. Ng3 Qd6 14. Rae1 Ba6 15. b3 O-O-O 16. a4 Rdf8 17. Qc1 f5 18. exf5 gxf5 19. Nh4 f4 20. Ngf5 Qd7 21. Bd2 Rhg8 22. Kh2 Bf6 23. Qd1 Kc7 24. Nf3 Ng5 25. Nxh6 Nxh3 26. Nxe5 Bxe5 27. Rxe5 Rg6 28. Qh5 Qd6 29. Re7+ Kb8 30. Nf5 Rxf5 31. Qxf5 Bc8 32. Qe5 Ng5 33. Qxd6+ Rxd6 34. Bxf4 1-0

[Event "EWIRCC 2019"]
[Site "Monte-Carlo"]
[Date "2019.12.01"]
[Round "7.11"]
[White "Bodnaruk, Anastasia"]
[Black "Janzelj, Lara"]
[Result "1-0"]
[ECO "C70"]
[WhiteElo "2412"]
[BlackElo "2158"]
[Annotator "NA"]
[PlyCount "69"]
[EventDate "2019.11.28"]
[EventType "swiss"]
[EventCountry "MNC"]
[SourceTitle "playchess.com"]
[Source "ChessBase"]
[SourceQuality "1"]
[TimeControl "5400+30"]

1. e4 e5 2. Nf3 Nc6 3. Bb5 a6 4. Ba4 b5 5. Bb3 g6 6. d4 exd4 7. c3 Bg7 8. cxd4 Nge7 9. Nc3 d6 10. h3 O-O 11. O-O Na5 12. Bc2 c5 13. Bg5 h6 14. Bh4 g5 15. Bg3 cxd4 16. Nxd4 Nc4 17. Rb1 Qb6 18. Nf5 Nxf5 19. exf5 Nxb2 20. Rxb2 Bxc3 21. Rb3 Be5 22. f6 Re8 23. Qd3 Kf8 24. Qh7 Bxf6 25. Qxh6+ Ke7 26. Rf3 Bd4 27. Qxg5+ f6 28. Re1+ Be5 29. Qxf6+ Kd7 30. Qf7+ Re7 31. Bf5+ Kd8 32. Bh4 Raa7 33. Qf8+ Kc7 34. Bxe7 Bxf5 35. Bd8+ 1-0

[Event "EWIRCC 2019"]
[Site "Monte-Carlo"]
[Date "2019.12.01"]
[Round "7.12"]
[White "Kashlinskaya, Alina"]
[Black "Zaksaite, Salomeja"]
[Result "1/2-1/2"]
[ECO "D80"]
[WhiteElo "2486"]
[BlackElo "2202"]
[Annotator "ChessBase"]
[PlyCount "109"]
[EventDate "2019.11.28"]
[EventType "swiss"]
[EventCountry "MNC"]
[SourceTitle "playchess.com"]
[Source "ChessBase"]
[SourceQuality "1"]
[TimeControl "5400+30"]

1. d4 Nf6 2. c4 g6 3. Nc3 d5 4. Bg5 Bg7 5. Bxf6 Bxf6 6. cxd5 c5 7. dxc5 Qa5 8. Qd2 Na6 9. a3 Bxc3 10. Qxc3 Qxc3+ 11. bxc3 Nxc5 12. Nf3 O-O 13. e3 Rd8 14. c4 Bf5 15. Nd4 Nd3+ 16. Ke2 Ne5 17. e4 Bxe4 18. Ke3 Bf5 19. Nxf5 gxf5 20. Kf4 f6 21. Be2 Rac8 22. Rac1 Rc5 23. Kxf5 b5 24. cxb5 Rcxd5 25. Ke4 Rd2 26. Ke3 Ra2 27. Ra1 Rb2 28. Rhb1 Rc2 29. Rd1 Rc3+ 30. Ke4 Rdc8 31. Rd2 Kf7 32. a4 Nc4 33. Bxc4+ R8xc4+ 34. Rd4 Rc5 35. Rd3 Rc2 36. Rad1 Rxf2 37. R1d2 Re5+ 38. Kd4 Rf4+ 39. Kc3 Rxa4 40. Rb2 Rc5+ 41. Kd2 Rc7 42. Ke3 Rac4 43. b6 axb6 44. Rxb6 Rc2 45. Kf3 R7c5 46. h4 Rf5+ 47. Kg4 Kg6 48. Kh3 Rf1 49. Re6 Kf7 50. Rde3 Rc7 51. Kg3 Rfc1 52. Kh2 R1c3 53. Rxe7+ Rxe7 54. Rxc3 Kg6 55. Rc5 1/2-1/2

[Event "EWIRCC 2019"]
[Site "Monte-Carlo"]
[Date "2019.12.01"]
[Round "7.13"]
[White "Ovod, Evgenija"]
[Black "Berend, Elvira"]
[Result "0-1"]
[ECO "C54"]
[WhiteElo "2347"]
[BlackElo "2349"]
[Annotator "NA"]
[PlyCount "84"]
[EventDate "2019.11.28"]
[EventType "swiss"]
[EventCountry "MNC"]
[SourceTitle "playchess.com"]
[Source "ChessBase"]
[SourceQuality "1"]
[TimeControl "5400+30"]

1. e4 e5 2. Nf3 Nc6 3. Bc4 Bc5 4. O-O Nf6 5. d3 d6 6. c3 a6 7. Bb3 Ba7 8. Nbd2 O-O 9. h3 Be6 10. Re1 Re8 11. Nf1 Bxb3 12. Qxb3 Qd7 13. Ng3 h6 14. Be3 Bxe3 15. Rxe3 d5 16. Rae1 d4 17. cxd4 Nxd4 18. Nxd4 exd4 19. Rf3 c5 20. Rf5 Rac8 21. Rc1 Qe7 22. Qa3 Nd7 23. Rd5 g6 24. f4 Rc6 25. Kh2 b5 26. Rxd4 Nb6 27. Qxa6 Qc7 28. Qxb5 Rc8 29. Rdc4 Nxc4 30. Qxc4 Qxf4 31. Rf1 Qc7 32. b4 cxb4 33. Qxb4 h5 34. h4 Qd8 35. e5 Qxd3 36. Rf3 Qd5 37. Qf4 Rc4 38. Qg5 Rg4 39. Qf6 Re8 40. Kh3 Qxa2 41. Rc3 Qe6 42. Rc6 Rxh4+ 0-1

[Event "EWIRCC 2019"]
[Site "Monte-Carlo"]
[Date "2019.12.01"]
[Round "7.14"]
[White "Bensdorp-De Labaca, Marlies"]
[Black "Michna, Marta"]
[Result "1/2-1/2"]
[ECO "A56"]
[WhiteElo "2228"]
[BlackElo "2366"]
[Annotator "NA"]
[PlyCount "135"]
[EventDate "2019.11.28"]
[EventType "swiss"]
[EventCountry "MNC"]
[SourceTitle "playchess.com"]
[Source "ChessBase"]
[SourceQuality "1"]
[TimeControl "5400+30"]

1. d4 Nf6 2. c4 d6 3. Nc3 Nbd7 4. e4 e5 5. d5 Be7 6. Bd3 O-O 7. Nge2 c5 8. Ng3 Ne8 9. O-O g6 10. a3 Ng7 11. b4 b6 12. Rb1 Bg5 13. f3 h5 14. Qc2 h4 15. Nh1 Nh5 16. Ne2 Nf4 17. Nf2 Nxd3 18. Nxd3 Bxc1 19. Qxc1 h3 20. g3 Kg7 21. f4 f6 22. Qe3 Ba6 23. b5 Bc8 24. fxe5 fxe5 25. Rxf8 Qxf8 26. Rf1 Qe7 27. Nf2 Nf6 28. Nc3 Bd7 29. a4 Rf8 30. Ncd1 Nh7 31. Qe2 Ng5 32. Nd3 Rxf1+ 33. Kxf1 Qf8+ 34. Kg1 Nf3+ 35. Kh1 Bg4 36. Qf2 Nd2 37. Qxf8+ Kxf8 38. Ne3 Bf3+ 39. Kg1 Nxe4 40. Nf2 Ng5 41. Kf1 Ke7 42. Ke1 Kf6 43. Kd2 e4 44. Neg4+ Bxg4 45. Nxg4+ Kf5 46. Nh6+ Ke5 47. Ke3 Kf6 48. Ng4+ Ke7 49. Nf2 Nf3 50. Nxh3 Nxh2 51. Kxe4 Nf1 52. g4 Nd2+ 53. Kd3 Nf3 54. g5 Kf7 55. Kc3 Kg7 56. Kd3 Kf7 57. Kc3 Ke7 58. Kd3 Nd4 59. Kc3 Ne2+ 60. Kd2 Nd4 61. Kc3 Nf3 62. Kd3 Kd7 63. Kc3 Kc7 64. Nf4 Nxg5 65. Nxg6 Ne4+ 66. Kd3 Nf2+ 67. Kd2 Ne4+ 68. Kd3 1/2-1/2

[Event "EWIRCC 2019"]
[Site "Monte-Carlo"]
[Date "2019.12.01"]
[Round "7.15"]
[White "Johansson, Viktoria"]
[Black "Paehtz, Elisabeth"]
[Result "0-1"]
[ECO "D15"]
[WhiteElo "2120"]
[BlackElo "2484"]
[Annotator "ChessBase"]
[PlyCount "118"]
[EventDate "2019.11.28"]
[EventType "swiss"]
[EventCountry "MNC"]
[SourceTitle "playchess.com"]
[Source "ChessBase"]
[SourceQuality "1"]
[TimeControl "5400+30"]

1. d4 d5 2. c4 c6 3. Nf3 Nf6 4. Nc3 a6 5. Bf4 dxc4 6. a4 Nd5 7. Bg3 Qa5 8. Qc1 Nf6 9. e3 Qb4 10. a5 e6 11. Ra4 Qe7 12. Bxc4 Nbd7 13. Bd3 c5 14. O-O Qd8 15. Ra1 Be7 16. Rd1 O-O 17. dxc5 Bxc5 18. Ne4 Nxe4 19. Bxe4 Qe7 20. Bh4 f6 21. Nd4 Ne5 22. Qc2 h6 23. Bg3 Nf7 24. Qe2 Nd6 25. Bxd6 Bxd6 26. Qh5 f5 27. Bd3 Be5 28. Bc4 Kh8 29. Rac1 Bf6 30. b3 Bd7 31. Rc2 Rae8 32. Rcd2 Bc8 33. Ne2 Be5 34. Nf4 Bxf4 35. exf4 Qc7 36. Ra1 Qxf4 37. Rc2 Qe5 38. Rac1 Qxa5 39. Qg6 Bd7 40. Rc3 Rf6 41. Qg3 Bc6 42. Qd6 e5 43. Qd2 f4 44. Bd3 e4 45. Bb1 Qg5 46. Rc5 Rf5 47. Rxf5 Qxf5 48. b4 f3 49. gxf3 Qxf3 50. Rc3 Qf6 51. Rg3 Qa1 52. Qc2 Rd8 53. h4 Qf6 54. Qe2 Qxh4 55. Rg4 Qh5 56. Bxe4 Bxe4 57. Qxe4 Rd1+ 58. Kg2 Qh1+ 59. Kg3 Rg1+ 0-1

[Event "EWIRCC 2019"]
[Site "Monte-Carlo"]
[Date "2019.12.01"]
[Round "7.16"]
[White "Antova, Gabriela"]
[Black "Guichard, Pauline"]
[Result "0-1"]
[ECO "D39"]
[WhiteElo "2314"]
[BlackElo "2407"]
[Annotator "NA"]
[PlyCount "80"]
[EventDate "2019.11.28"]
[EventType "swiss"]
[EventCountry "MNC"]
[SourceTitle "playchess.com"]
[Source "ChessBase"]
[SourceQuality "1"]
[TimeControl "5400+30"]

1. d4 Nf6 2. c4 e6 3. Nf3 d5 4. Nc3 dxc4 5. e4 Bb4 6. Bg5 c5 7. e5 cxd4 8. Nxd4 Bxc3+ 9. bxc3 Qa5 10. exf6 Qxg5 11. fxg7 Qxg7 12. Qd2 O-O 13. Bxc4 e5 14. Ne2 Nc6 15. O-O Bf5 16. Ng3 Bg6 17. h4 h6 18. Qe3 Kh8 19. h5 Bh7 20. Rae1 Rae8 21. Bd5 f5 22. f4 e4 23. Rd1 Bg8 24. Rf2 Qg4 25. Rdd2 Bxd5 26. Rxd5 Rd8 27. Rfd2 Rxd5 28. Rxd5 Rg8 29. Kf2 Ne7 30. Rd6 Kh7 31. c4 Rg7 32. Rd7 b6 33. Rxa7 Qh4 34. Ra3 Ng8 35. Kg1 Qg4 36. Rb3 Nf6 37. Rxb6 Nxh5 38. c5 Nxg3 39. Qf2 Qd1+ 40. Kh2 Qh1# 0-1

[Event "EWIRCC 2019"]
[Site "Monte-Carlo"]
[Date "2019.12.01"]
[Round "7.18"]
[White "Reizniece-Ozola, Dana"]
[Black "Unuk, Laura"]
[Result "0-1"]
[ECO "A18"]
[WhiteElo "2305"]
[BlackElo "2298"]
[Annotator "NA"]
[PlyCount "70"]
[EventDate "2019.11.28"]
[EventType "swiss"]
[EventCountry "MNC"]
[SourceTitle "playchess.com"]
[Source "ChessBase"]
[SourceQuality "1"]
[TimeControl "5400+30"]

1. c4 Nf6 2. Nc3 e6 3. e4 d5 4. e5 d4 5. exf6 dxc3 6. bxc3 Qxf6 7. Nf3 e5 8. Be2 Nc6 9. d3 h6 10. Rb1 e4 11. dxe4 Qxc3+ 12. Bd2 Qf6 13. O-O Bc5 14. Ne1 O-O 15. Nd3 Bd4 16. Nf4 b6 17. Nd5 Qd6 18. Kh1 f5 19. exf5 Bxf5 20. Rb3 Rad8 21. Bc1 Be4 22. f3 Bg6 23. Ba3 Bc5 24. Bb2 Na5 25. Qa1 Nxb3 26. axb3 Rf7 27. Rd1 Qf8 28. Be5 c6 29. Nc3 Rxd1+ 30. Qxd1 Qe8 31. f4 Rd7 32. Qa1 Bd4 33. Bg4 Rd8 34. Bxd4 Rxd4 35. Nd5 Re4 0-1